 Dungeon Crawl Stone Soup version 0.16.1-2-g95b8d4c (webtiles) character file.

324 Ololoev the Covered (level 6, -5/51 HPs)
             Began as a Minotaur Fighter on Mar 24, 2015.
             Slain by an iguana (8 damage)
             ... on level 4 of the Dungeon.
             The game lasted 00:04:35 (1417 turns).

Ololoev the Covered (Minotaur Fighter)              Turns: 1417, Time: 00:04:35

Health: -5/51      AC:  7    Str: 21    XL:     6   Next: 23%
Magic:  3/3        EV:  9    Int:  5    God:
Gold:   53         SH:  0    Dex: 11    Spells: 0 memorised, 5 levels left

rFire  . . .     SeeInvis .     a - +0 war axe
rCold  . . .     Clarity  .     b - +0 scale mail
rNeg   . . .     SustAb   .     (no shield)
rPois  .         Gourm    .     (helmet restricted)
rElec  .         Spirit   .     (no cloak)
rCorr  .         Warding  .     (no gloves)
rMut   .         Stasis   .     (no boots)
MR     .....                    (no amulet)
Stlth  ..........               (no ring)
                                (no ring)

@: not resistant to hostile enchantments, extremely unstealthy
A: retaliatory headbutt, horns 2
a: no special abilities


You were on level 4 of the Dungeon.
You were not hungry.

You visited 1 branch of the dungeon, and saw 4 of its levels.

You collected 53 gold pieces.

Notes
Turn   | Place    | Note
--------------------------------------------------------------
     0 | D:1      | Ololoev, the Minotaur Fighter, began the quest for the Orb.
     0 | D:1      | Reached XP level 1. HP: 19/19 MP: 1/1
   233 | D:1      | Reached skill level 4 in Armour
   282 | D:1      | Reached XP level 2. HP: 26/26 MP: 1/1
   584 | D:3      | Noticed Veiltonx's ghost (average SpEn)
   611 | D:3      | Killed Veiltonx's ghost
   611 | D:3      | Reached skill level 5 in Armour
   611 | D:3      | Reached XP level 3. HP: 4/31 MP: 2/2
   611 | D:3      | Reached XP level 4. HP: 5/39 MP: 2/2
  1044 | D:4      | Reached XP level 5. HP: 40/45 MP: 2/2
  1261 | D:4      | Reached skill level 5 in Axes
  1261 | D:4      | Reached skill level 6 in Armour
  1404 | D:4      | Found a radiant altar of Vehumet.
  1405 | D:4      | Noticed an ogre
  1410 | D:4      | Killed an ogre
  1410 | D:4      | Reached XP level 6. HP: 15/51 MP: 3/3
  1413 | D:4      | HP: 2/51 [iguana (1)]
  1417 | D:4      | Slain by an iguana

Inventory:

Hand weapons
 a - a +0 war axe (weapon)
Armour
 b - a +0 scale mail (worn)
Scrolls
 c - 2 scrolls of remove curse
Potions
 e - a potion of might
 f - a potion of invisibility {unknown}
 h - 2 potions of resistance
 j - a potion of poison {unknown}
 k - a potion of curing {unknown}
Comestibles
 d - a bread ration
 g - a meat ration
 i - a slice of pizza
 l - 8 fruits
 m - a chunk of flesh

Table legend:
 A = Turns spent in this place as a percentage of turns spent in the entire game.
 B = Non-inter-level travel turns spent in this place as a percentage of non-inter-level travel turns spent in the entire game.
 C = Inter-level travel turns spent in this place as a percentage of turns spent in this place.
 D = Turns resting spent in this place as a percentage of non-inter-level travel turns spent in this place.
 E = Turns spent auto-exploring this place as a percentage of non-inter-level travel turns spent in this place.
 F = Non-inter-level travel turns spent in this place divided by the number of levels of this place that you've seen.
                   A       B       C       D       E      F
               +-------+-------+-------+-------+-------+----------------------
         Total | 100.0 | 100.0 |   0.7 |   4.3 |  11.9 | 105.2
       Dungeon | 100.0 | 100.0 |   0.7 |   4.3 |  11.9 | 105.2
               +-------+-------+-------+-------+-------+----------------------


   Skills:
 - Level 3.6 Fighting
 * Level 5.6 Axes
 + Level 6.6 Armour
 + Level 0.1 Stealth
   Level 3.6 Shields


You had 5 spell levels left.
You didn't know any spells.

Dungeon Overview and Level Annotations

Branches:
Dungeon (4/15)
 Temple: D:4-7

Altars:
Vehumet


Innate Abilities, Weirdness & Mutations

You reflexively headbutt those who attack you in melee.
You have a pair of horns on your head.


Message History

The ogre hits you with a giant club!
You barely miss the ogre.
The ogre is severely wounded.
You hit the ogre.
The ogre is almost dead.
The ogre closely misses you.
You hit the ogre!
You kill the ogre!
You have reached level 6!
Your experience leads to an increase in your attributes!
Increase (S)trength, (I)ntelligence, or (D)exterity?
You feel agile.
You hit the iguana.
The iguana is lightly wounded.
The iguana bites you but does no damage.
You hit the iguana.
The iguana is moderately wounded.
The iguana closely misses you.
You closely miss the iguana.
The iguana is moderately wounded.
The iguana closely misses you. The iguana bites you!
You hit the iguana!
The iguana is severely wounded.
The iguana bites you.
You hit the iguana but do no damage.
The iguana is severely wounded.
The iguana closely misses you.
Drink which item? (? for menu, Esc to quit)
Okay, then.
You hit the iguana but do no damage.
The iguana is severely wounded.
The iguana bites you but does no damage.
You hit the iguana. Your headbutt misses the iguana.
The iguana is almost dead.
The iguana barely misses you.
You closely miss the iguana. Your headbutt misses the iguana.
The iguana is almost dead.
The iguana bites you but does no damage.
The iguana bites you!
You die...

.## ..#### . .....
. #.... #. #... .
#. ...## .## #.
#.##...#...# #.
#.#........_... #.
#....)@l.# ##.
#####...## #..
#........#
..##.##......... ##
###.#.##.#..##.##
#..#.#.).#.....##.#
#.⌠.#.....#.###.#
#..#.#........###.#
## ###)...........#


You could see an iguana.

Table legend:
 A = Kills in this place as a percentage of kills in entire the game.
 B = Kills by you in this place as a percentage of kills by you in the entire game.
 C = Kills by friends in this place as a percentage of kills by friends in the entire game.
 D = Other kills in this place as a percentage of other kills in the entire game.
 E = Experience gained in this place as a percentage of experience gained in the entire game.
 F = Experience gained in this place divided by the number of levels of this place that you have seen.
                   A       B       C       D       E      F
               +-------+-------+-------+-------+-------+----------------------
         Total | 100.0 | 100.0 |  -nan |  -nan | 100.0 | 116.0
       Dungeon | 100.0 | 100.0 |  -nan |  -nan | 100.0 | 116.0
               +-------+-------+-------+-------+-------+----------------------

Vanquished Creatures
  An ogre (D:4)
  The ghost of Veiltonx the Cutter, an average SpEn (D:3)
  A giant frog skeleton (D:4)
  5 worker ants (D:4)
  6 orcs (D:4)
  A ball python (D:3)
  4 bats (D:1)
  4 giant cockroaches
  7 hobgoblins
  3 giant newts
  4 goblins
  2 jackals (D:2)
  3 kobolds
42 creatures vanquished.

Action                   |  1- 3 |  4- 6 || total
-------------------------+-------+-------++-------
Melee: War axe           |    65 |    60 ||   125
  Use: Potion            |     3 |     1 ||     4
       Scroll            |       |     2 ||     2
  Eat: Chunk             |       |     2 ||     2

Vault maps used:
D:1:      zelgadis_glass_arrival_small, minmay_bisected
D:2:      first_bread, kennysheep_nondescript, dk_vineyard_2
D:3:      tgw_xom, uniq_grinder
D:4:      vehumet_crystals, grunt_decor_one_mirror
